cohdb
Replays
Latest Replays
All Replays
Popular Replays
Top Player Replays
Match Explorer
How It Works
Community
CoH3 Stats
Reddit
Sign in to upload your games and track your stats! →
Sign in with Steam
Match 41956778
Unlisted
Match 41956778
Overview
Messages
Build Orders
End
Panzergrenadier Squad
Selects Panzerjäger Kommand Battlegroup
250 Light Carrier
Panzergrenadier Squad
Construct Light Support Kompanie
Selects Tank Busters
2.5-tonne Medical Truck
MG34 Team
Selects Mine Fields
Panzerjäger Mechanized Group
Selects Crew Shock Tactics
Fire Support Elements
Panzerjäger Squad
Nuclear Viking
Keller.Kind I503
Stark -_-
Highrish
TheKingOfGoats
ryan.cullen_20
0
0
Comments
sign in to comment!
No comments posted yet!